 Dungeon Crawl Stone Soup version 0.28.0-53-g5a82cb258f (webtiles) character file.

Game seed: 6749345265808075225

34 melloss the Sneak (level 3, -3/16 HPs)
             Began as a Spriggan Enchanter on June 8, 2022.
             Slain by Sigmund
             ... wielding a +0 scythe
              (10 damage)
             ... on level 2 of the Dungeon.
             The game lasted 00:03:46 (1469 turns).

melloss the Sneak (Spriggan Enchanter)              Turns: 1469, Time: 00:03:47

Health: -3/16      AC:  2    Str:  4    XL:     3   Next: 14%
Magic:  1/8        EV: 18    Int: 18    God:
Gold:   31         SH:  0    Dex: 15    Spells: 5/7 levels left

rFire   . . .      SeeInvis +   a - +1 dagger
rCold   . . .      Faith    .   (no shield)
rNeg    . . .      Spirit   .   b - +0 robe
rPois   .          Reflect  .   (helmet restricted)
rElec   .          Harm     .   (no cloak)
rCorr   +          Rampage  .   (gloves unavailable)
Will    .....                   (boots unavailable)
Stlth   +++.......              (no amulet)
HPRegen 0.05/turn               d - ring of resist corrosion
MPRegen 0.11/turn               (no ring)

@: very slightly contaminated, very quick
A: very small, no large weapons, unfitting armour, see invisible, speed 3
a: no special abilities


You were on level 2 of the Dungeon.
You visited 1 branch of the dungeon, and saw 2 of its levels.

You collected 31 gold pieces.

Inventory:

Hand Weapons
 a - a +1 dagger (weapon)
Missiles
 f - 37 stones (quivered)
Armour
 b - a +0 robe (worn)
Jewellery
 d - a ring of resist corrosion (left hand)
Scrolls
 e - 2 scrolls of identify {unknown}
 g - a scroll of teleportation {unknown}
 h - a scroll of immolation {unknown}
Potions
 c - a potion of invisibility


   Skills:
 - Level 1.1 Short Blades
 + Level 3.9 Dodging
 + Level 5.6 Stealth
 - Level 2.6 Spellcasting
 - Level 3.6 Hexes


You had 5 spell levels left.
You knew the following spells:

 Your Spells              Type           Power      Damage    Failure   Level
a - Ensorcelled Hibernat  Hex/Ice        16%        N/A       12%         2

Your spell library contained the following spells:

 Spells                   Type           Power      Damage    Failure   Level
 Confusing Touch          Hex            15%        N/A       12%         3
 Tukima's Dance           Hex            15%        N/A       12%         3
 Dazzling Flash           Conj/Hex       16%        N/A       24%         3
 Blink                    Tloc           4%         N/A       26%         2
 Manifold Assault         Tloc           2%         N/A       99%         5
 Storm Form               Tmut/Air       1%         N/A       100%        7


Dungeon Overview and Level Annotations

Branches:
Dungeon (2/15)

Altars:

Annotations:
D:2 Sigmund


Innate Abilities, Weirdness & Mutations

You are very small and have problems with some larger weapons.
You are too small for most types of armour.
You have supernaturally acute eyesight. (SInv)
You cover ground extremely quickly. (Speed+++)


Message History

Casting: Ensorcelled Hibernation (safe; 12% risk of failure)
Confirm with . or Enter, or press ? or * to list all spells.
Aiming: Ensorcelled Hibernation (safe; 12% risk of failure)
Press: ? - help, Shift-Dir - straight line, f/p - Sigmund
Aim: Sigmund, wielding a +0 scythe and wearing a +0 robe (chance to affect: 50%)
You miscast Ensorcelled Hibernation.
You are very lightly contaminated with residual magic.
Nothing appears to happen.
Casting: Ensorcelled Hibernation (safe; 12% risk of failure)
Confirm with . or Enter, or press ? or * to list all spells.
Aiming: Ensorcelled Hibernation (safe; 12% risk of failure)
Press: ? - help, Shift-Dir - straight line, f/p - Sigmund
Aim: Sigmund, wielding a +0 scythe and wearing a +0 robe (chance to affect: 50%) Sigmund resists with some effort.
Sigmund completely misses you.
Casting: Ensorcelled Hibernation (safe; 12% risk of failure)
Confirm with . or Enter, or press ? or * to list all spells.
Aiming: Ensorcelled Hibernation (safe; 12% risk of failure)
Press: ? - help, Shift-Dir - straight line, f/p - Sigmund
Aim: Sigmund, wielding a +0 scythe and wearing a +0 robe (chance to affect: 50%) Sigmund looks drowsy...
The helpless Sigmund fails to defend himself.
You impale Sigmund!!
Sigmund is severely wounded.
Sigmund points at you and mumbles some strange words.
The puff of flame misses you.
You hit Sigmund but do no damage.
Sigmund is severely wounded.
Sigmund hits you with a +0 scythe.
You closely miss Sigmund.
Sigmund is severely wounded.
You hit Sigmund.
Sigmund is severely wounded.
Sigmund misses you.
You barely miss Sigmund. You punch Sigmund.
Sigmund is severely wounded.
You hit Sigmund but do no damage.
Sigmund is severely wounded.
Sigmund hits you with a +0 scythe!
Ouch! That really hurt!
You die...

####.#♣..♣♣...♣...♣
##.#♣♣♣........♣
#.....♣♣.8_8..♣♣
#..####♣♣♣♣♣♣♣♣
#..### #....#
#.##.# #.##.##.#
#..@@...# ####..###
#...# ......
#...### #..## .##
##


You could see Sigmund.

Vanquished Creatures
  5 bats
  4 endoplasms
  2 giant cockroaches (D:2)
  2 hobgoblins
  4 quokkas (D:1)
  3 ball pythons
  2 frilled lizards
  4 goblins
  2 kobolds (D:1)
  2 rats
30 creatures vanquished.

Vanquished Creatures (others)
  A fungus (D:2)
1 creature vanquished.

Grand Total: 31 creatures vanquished

Notes
Turn   | Place    | Note
-------+----------+-------------------------------------------
     0 | D:1      | melloss the Spriggan Enchanter began the quest for the Orb.
     0 | D:1      | Reached XP level 1. HP: 9/9 MP: 5/5
   219 | D:1      | Reached XP level 2. HP: 10/13 MP: 6/6
   222 | D:1      | Learned a level 2 spell: Ensorcelled Hibernation
   231 | D:1      | Reached skill level 5 in Stealth
  1207 | D:2      | Reached XP level 3. HP: 12/16 MP: 2/8
  1427 | D:2      | Found a faded altar of an unknown god.
  1449 | D:2      | Noticed Sigmund
  1469 | D:2      | Slain by Sigmund

Illustrated notes

Levels and vault maps discovered:
D:1:      wander_arrival_peaceful_grave, layout_loops_ring
D:2:      layout_loops_corners, basic_altar,
          shapermc_ecumenical_altar_totnotflames, minmay_lizard_king,
          uniq_crazy_yiuf_cottage, uniq_sigmund

Skill      XL: |  1  2 |
---------------+-------+-----
Dodging        | 3 |  3.9
Stealth        | 5 |  5.6
Short Blades   | |  1.1
Spellcasting   | |  2.6
Hexes          | |  3.6

Action                   || total
-------------------------++-------
Melee: Dagger            ||    84
       Punch             ||     1
 Cast: Ensorcelled Hiber ||    13
 Stab: Sleeping          ||    17
Armor: Robe              ||    18
Dodge: Dodged            ||    84
